Cogmind - Beta 13 @@@ ROGUE MODE // 2024.06.23 @ 13:08:21 Player: Gabe+Kate4EVR Result: Destroyed by 11-GG7(R) with Subdweller Shrapnel Launcher Performance ------------- Evolutions (0) 0 Regions Visited (3) 600 Robots Destroyed (27) 135 Value Destroyed (581) 581 Prototype IDs (0) 0 Alien Tech Used (0) 0 Bonus (0) 0 TOTAL SCORE: 1316 Bonus ------- None Cogmind --------- Core Integrity 0/250 Matter 238/300 Energy 81/100 System Corruption 8% Temperature Cool (0) Movement Core (300) Ox5 Location -10/Subcaves Parts ------- > --- POWER (1) -------- (None) > --- PROPULSION (2) --- (None) > --- UTILITY (2) ------ Medium Storage Unit Signal Interpreter > --- WEAPON (2) ------- Riot Gun Barrage Gun > --- INVENTORY (10) --- Subdweller Monowheel Flight Unit Flight Unit Flight Unit Medium Laser Medium Laser Rocket Launcher Subdweller Shrapnel Launcher Enhanced Flamer Makeshift Sword Peak State ------------ > --- POWER ------------ Subdweller Power Source > --- PROPULSION ------- Aluminum Leg Subdweller Monowheel > --- UTILITY ---------- Medium Storage Unit Signal Interpreter > --- WEAPON ----------- Subdweller Machine Gun Heavy Battle Rifle > --- INVENTORY -------- Light Ion Engine Flight Unit Flight Unit Flight Unit Flight Unit Medium Laser Medium Laser Subdweller Machine Gun Rocket Launcher Mining Laser [Rating: 14] Favorites ----------- Power Light Ion Engine Engine Light Ion Engine Propulsion Aluminum Leg Leg Aluminum Leg Wheel Subdweller Monowheel Utility Medium Storage Unit Storage Medium Storage Unit Processor Signal Interpreter Weapon EM Pulse Gun Energy Gun EM Pulse Gun Ballistic Gun Heavy Battle Rifle Special Weapon Mining Laser Build | -11 -10 -10 -10 ------- Run | Yrd Mat Min Sub Slots Evolved . | . . . . Power . | . . . . Propulsion . | . . . . Utility . | . . . . Weapon . | . . . . Parts Attached 38 | 6 9 8 15 Power 4 | 1 . 1 2 Engine 4 | 1 . 1 2 Core . | . . . . Reactor . | . . . . Propulsion 10 | 2 2 3 3 Treads . | . . . . Leg 8 | 2 2 3 1 Wheel 2 | . . . 2 Hover . | . . . . Flight . | . . . . Utility 6 | 1 3 2 . Device . | . . . . Storage 5 | 1 2 2 . Processor 1 | . 1 . . Hackware . | . . . . Protection . | . . . . Artifact . | . . . . Weapon 18 | 2 4 2 10 Energy Gun 10 | 2 4 . 4 Energy Cannon . | . . . . Ballistic Gun 7 | . . 1 6 Ballistic Cannon . | . . . . Launcher . | . . . . Special Weapon 1 | . . 1 . Impact Weapon . | . . . . Slashing Weapon . | . . . . Piercing Weapon . | . . . . Special Melee Weapon . | . . . . Unidentified Prototypes . | . . . . Corrupted Parts 2 | . . 1 1 System Corruption 8 | . . 6 2 Parts Lost 5 | . . . 5 Power 1 | . . . 1 Propulsion 1 | . . . 1 Utility . | . . . . Weapon 3 | . . . 3 Highest Loss Streak 1 | . . . 1 To Critical Strikes . | . . . . Average Slot Usage (%) 93 | . 95 99 86 Engine 10 | . 14 14 4 Leg 22 | . 28 28 12 Wheel 4 | . . . 11 Storage 13 | . 14 13 14 Processor 13 | . 9 14 14 Energy Gun 18 | . 28 18 13 Ballistic Gun 8 | . . 6 14 Special Weapon 1 | . . 2 . Naked Turns . | . . . . Heaviest Build 49 | 12 22 49 23 Greatest Support 40 | 20 20 20 40 Greatest Overweight (x) 2 | . 1 2 1 Average Overweight (x) . | . . . . Largest Inventory Capacity 20 | 8 10 20 10 Average Capacity 10 | 6 9 10 10 Most Carried 11 | 2 10 11 10 Average Carried 9 | . 9 9 9 Final Capacity 10 | 8 10 10 10 Final Carried 10 | 2 10 10 10 Class Distribution -------------------- 97% | Mutant Dominant Class ---------------- Mutant | -10/Materials Mutant | -10/Mines Mutant | -10/Subcaves Resources | -11 -10 -10 -10 ----------- Run | Yrd Mat Min Sub Matter Collected 791 | 201 149 104 337 Remotely . | . . . . Salvage Created 1055 | . 481 387 187 Parts 62 | . 31 16 15 Haulers Intercepted 2 | . 2 . . Recyclers Shooed 3 | . 2 1 . Parts Field Recycled . | . . . . Retrieved Matter . | . . . . Parts Self-Destructed 9 | . . . 9 Prevented . | . . . . Kills | -11 -10 -10 -10 ------- Run | Yrd Mat Min Sub Combat Hostiles Destroyed 18 | . 6 6 6 Guns 13 | . 4 5 4 AOE 4 | . 2 . 2 Classes Destroyed 8 | . 5 1 2 Hauler 2 | . 2 . . Recycler 3 | . 2 1 . Operator 1 | . 1 . . Watcher 3 | . 3 . . Swarmer 8 | . 6 . 2 Grunt 6 | . . 6 . Sentry 1 | . . . 1 Subdweller 3 | . . . 3 Best Kill Streak 5 | . 5 4 2 Combat Bots Only 4 | . 3 4 2 Max Kills in Single Turn 2 | . 1 1 2 Gunslinging . | . . . . Exploded 2 | . 1 . 2 Melee . | . . . . Uniques/NPCs Destroyed . | . . . . Combat | -11 -10 -10 -10 -------- Run | Yrd Mat Min Sub Hostile Shots Fired 107 | . 27 28 52 Missed 38 | . 8 9 21 Damage Taken 1102 | . 168 248 686 Core 270 | . 33 71 166 Absorbed by Shields . | . . . . Core Remaining (%) 100 | 100 . . . Volleys Fired 109 | . 34 41 34 Largest 2 | . 2 2 2 Hottest 140 | . 80 140 83 Shots Fired 201 | . 68 70 63 Gun 184 | . 68 53 63 Cannon . | . . . . Launcher . | . . . . Special 17 | . . 17 . Kinetic 40 | . . . 40 Thermal 17 | . . 17 . Explosive . | . . . . Electromagnetic 144 | . 68 53 23 Robot Hit Streak 9 | . 7 8 9 Robot Miss Streak 4 | . 4 2 3 Penetration Max . | . . . . Secondary Targets . | . . . . Shots Hit Robots 114 | . 35 35 44 Core Hits 38 | . 15 13 10 Critical Kills . | . . . . Critical Parts Destroyed . | . . . . Critical Strikes 4 | . 3 1 . Corrupt 4 | . 3 1 . Melee Attacks . | . . . . Impact . | . . . . Slashing . | . . . . Piercing . | . . . . Sneak Attacks . | . . . . Combat Hostiles . | . . . . Follow-up Attacks . | . . . . Damage Inflicted 1943 | . 593 460 890 Guns 1724 | . 514 460 750 Cannons . | . . . . Explosions 219 | . 79 . 140 Melee . | . . . . Ramming . | . . . . Kinetic 539 | . . . 539 Thermal 219 | . 79 . 140 Explosive . | . . . . Electromagnetic 1185 | . 514 460 211 Impact . | . . . . Slashing . | . . . . Piercing . | . . . . Highest Corruption 8 | . . 6 8 Average Corruption 6 | . . 6 7 Corruption Purged . | . . . . Corruption Blocked . | . . . . Effects 102 | . . 43 59 Message Errors 20 | . . 7 13 Matter Fused 22 | . . 9 13 Heat Flow Errors 17 | . . 9 8 Energy Discharges 21 | . . 8 13 Parts Fused 1 | . . . 1 Data Loss (minor) 10 | . . 5 5 Data Loss (major) 6 | . . 3 3 Misfires 2 | . . 1 1 Alerts 3 | . . 1 2 Overload Shots . | . . . . Overflow Damage . | . . . . Projectiles . | . . . . Explosions . | . . . . Melee . | . . . . Knockbacks . | . . . . Impact . | . . . . Kinetic . | . . . . Secondary . | . . . . Self-Inflicted Damage 101 | . 15 . 86 Shots 3 | . 1 . 2 Rammed . | . . . . Targets Rammed . | . . . . Kicked . | . . . . Crushed . | . . . . Highest Temperature 288 | . 126 288 201 Average Temperature 78 | . 41 93 89 Received Heat Transfer 195 | . . 138 57 Effects 2 | . . 2 . Interference 2 | . . 2 . Siege Activations . | . . . . Robots Corrupted 1 | . . 1 . Combat Hostiles 1 | . . 1 . Parts Fried 4 | . 1 3 . Impact Corruptions . | . . . . Robots Melted . | . . . . Combat Hostiles . | . . . . Parts Melted . | . . . . Heat Transferred 300 | . 150 . 150 Parts Sabotaged . | . . . . Parts Stolen . | . . . . Parts Stripped . | . . . . Power Chain Reactions 5 | . 3 . 2 Alert | -11 -10 -10 -10 ------- Run | Yrd Mat Min Sub Peak Influence 232 | . 232 170 . Initial . | . . . . Average 31 | . 50 25 . Maximum Alert Level 1 | . 1 . . Low Security (%) 99 | 100 99 100 . Level 1 . | . . . . Level 2 . | . . . . Level 3 . | . . . . Level 4 . | . . . . Level 5 . | . . . . High Security . | . . . . Max Security . | . . . . Squads Dispatched 1 | . . 1 . Investigation 1 | . . 1 . Extermination . | . . . . Reinforcement . | . . . . Assault . | . . . . Garrison . | . . . . Intercept . | . . . . Searches Triggered . | . . . . Construction Impeded . | . . . . Haulers Reinforced . | . . . . Active Scanning Responses . | . . . . Cargo Convoy Interrupts . | . . . . Stealth | -11 -10 -10 -10 --------- Run | Yrd Mat Min Sub Distress Signals 2 | . 2 . . Communications Jammed . | . . . . Distress Signals . | . . . . Times Spotted 34 | . 12 7 15 Peak Tracking Total 4 | . 4 2 4 Tactical Retreats 3 | . . 1 2 Traps | -11 -10 -10 -10 ------- Run | Yrd Mat Min Sub Traps Triggered . | . . . . Indirectly . | . . . . Trap Hack Attempts . | . . . . Triggered . | . . . . Disarmed . | . . . . Reprogrammed . | . . . . Reused . | . . . . Traps Extracted . | . . . . Installed . | . . . . Triggered . | . . . . Machines | -11 -10 -10 -10 ---------- Run | Yrd Mat Min Sub Machines Disabled 3 | . 3 . . Max in Single Turn 1 | . 1 . . Machines Repaired . | . . . . Machines Dismantled . | . . . . Machines Sabotaged . | . . . . Overloaded Fab Kills . | . . . . Hacking | -11 -10 -10 -10 --------- Run | Yrd Mat Min Sub Machines Accessed 5 | . 4 1 . Terminals 5 | . 4 1 . Fabricators . | . . . . Repair Stations . | . . . . Recycling Units . | . . . . Scanalyzers . | . . . . Garrison Access . | . . . . Total Hacks 15 | . 14 1 . Successful 10 | . 9 1 . Failed 5 | . 5 . . Catastrophic . | . . . . Database Lockouts . | . . . . Manual 13 | . 12 1 . Terminals 15 | . 14 1 . Fabricators . | . . . . Repair Stations . | . . . . Recycling Units . | . . . . Scanalyzers . | . . . . Garrison Access . | . . . . Terminal Hacks 4 | . 4 . . Branch Access Points 1 | . 1 . . Emergency Access Points 1 | . 1 . . Terminal Index 1 | . 1 . . Unreport Threat 1 | . 1 . . Fabricator Hacks . | . . . . Repair Station Hacks . | . . . . Recycling Unit Hacks . | . . . . Scanalyzer . | . . . . Garrison Access Hacks . | . . . . Unauthorized Hacks 6 | . 5 1 . Terminals 6 | . 5 1 . Botnet 4 | . 4 . . Operators 1 | . 1 . . Sabotage 1 | . . 1 . Fabricators . | . . . . Repair Stations . | . . . . Recycling Units . | . . . . Scanalyzers . | . . . . Garrison Access . | . . . . Data Cores Recovered 1 | . 1 . . Used 1 | . 1 . . Hacking Detections 4 | . 4 . . Full Trace Events 1 | . 1 . . Feedback Events . | . . . . Feedback Blocked . | . . . . Robot Schematics Acquired . | . . . . Robots Built . | . . . . Authchips . | . . . . Time . | . . . . Total Robot Build Rating . | . . . . Part Schematics Acquired . | . . . . Parts Built . | . . . . Authchips . | . . . . Time . | . . . . Total Part Build Rating . | . . . . Parts Repaired . | . . . . Time . | . . . . Parts Recycled . | . . . . Recycled Matter . | . . . . Retrieved Matter . | . . . . Retrieved Components . | . . . . Parts Scanalyzed . | . . . . Part Schematics Acquired . | . . . . Parts Damaged . | . . . . Bothacking | -11 -10 -10 -10 ------------ Run | Yrd Mat Min Sub Used RIF Installer . | . . . . Robots Hacked . | . . . . Non-combat . | . . . . Combat . | . . . . Robot Hacks Applied . | . . . . Relay Couplers Released . | . . . . Fabnet Peak Effective % . | . . . . Robots Rewired . | . . . . Allies Hacked . | . . . . Hacks Repelled . | . . . . Allies | -11 -10 -10 -10 -------- Run | Yrd Mat Min Sub Total Allies . | . . . . Largest Group . | . . . . Highest-Rated Group . | . . . . Highest-Rated Ally . | . . . . Total Orders . | . . . . Ally Attacks . | . . . . Total Damage . | . . . . Kills . | . . . . Allies Corrupted . | . . . . Allies Melted . | . . . . Intel | -11 -10 -10 -10 ------- Run | Yrd Mat Min Sub Robot Analysis Total . | . . . . Derelict Logs Recovered 4 | . . 2 2 Drone Launches . | . . . . Drone Recoveries . | . . . . Exploration | -11 -10 -10 -10 ------------- Run | Yrd Mat Min Sub Turns Passed 4565 | 67 824 1913 1761 Spaces Moved 2508 | 50 577 821 1060 Core 5 | 5 . . . Treads . | . . . . Legs 1870 | 45 577 821 427 Wheels 633 | . . . 633 Hover . | . . . . Flight . | . . . . Fastest Speed 50 | 50 120 120 110 Average Speed 125 | 113 120 125 128 Slowest Speed 260 | 120 190 260 190 Overloaded Moves . | . . . . Propulsion Burnouts . | . . . . Robots Hopped . | . . . . Cave-ins Triggered . | . . . . Exploration Rate (%) 58 | 4 65 101 65 Regions Visited 3 Branch Regions 2 Pre-discovered Areas 1 | . . . 1 Known Exits Taken 2 | . 1 1 . Unknown Exits Taken 1 | 1 . . . Scrap Searched 8 | . . 3 5 Spaces Dug 2 | . . 2 . Terrain Destroyed 16 | . 7 2 7 Melee . | . . . . Projectile 2 | . . 2 . AOE 14 | . 7 . 7 Terrain Rammed . | . . . . Walls Destroyed . | . . . . Machines Disabled . | . . . . Actions | -11 -10 -10 -10 --------- Run | Yrd Mat Min Sub Total 3703 | 57 641 1605 1400 Wait 987 | . . 718 269 Move 2505 | 49 576 820 1060 Hop . | . . . . Pick Up 25 | 2 11 8 4 Fast Attach 20 | 6 3 2 9 Attach 4 | . . . 4 Detach 8 | . 2 1 5 Swap 14 | . 6 6 2 Drop 30 | . 9 9 12 Fire 109 | . 34 41 34 Melee . | . . . . Ram . | . . . . Kick . | . . . . Crush . | . . . . Escape Stasis . | . . . . Rewire 1 | . . . 1 Trap . | . . . . Miscellaneous . | . . . . Route ------- -11/Scrapyard -10/Materials (discovered 3 exits: *Mat x2 / *Min) -10/Mines (discovered 3 exits: *Mat x2 / *Sub) -10/Subcaves (discovered 1 exit: *Mat) History --------- Turn | Location | Event 10 | -11/Scrapyard | Discovered new exit (range 15) 68 | -11/Scrapyard | Entered Materials 312 | -10/Materials | Build established: Mutant 343 | -10/Materials | Discovered new exit (range 14) 432 | -10/Materials | Discovered new exit (range 9) 455 | -10/Materials | Identified exit to Mines 599 | -10/Materials | Discovered new exit (range 5) 623 | -10/Materials | Identified exit to Materials 892 | -10/Materials | Entered Mines 971 | -10/Mines | Learned Materials trap positions 997 | -10/Mines | Discovered exit to Materials (range 11) 1099 | -10/Mines | Discovered exit to Materials (range 6) 1736 | -10/Mines | Learned Materials garrison access intel 1863 | -10/Mines | A weapon hastily lodged in a ceiling crevice suddenly fell to the ground 2103 | -10/Mines | Discovered new exit (range 4) 2106 | -10/Mines | Identified exit to Subcaves 2439 | -10/Mines | Received a Rocket Launcher from a helpful Derelict 2805 | -10/Mines | Entered Subcaves 2928 | -10/Subcaves | Core integrity fell below 50% 3113 | -10/Subcaves | Learned Materials non-interactive machine intel 3304 | -10/Subcaves | Discovered new exit (range 10) 3309 | -10/Subcaves | Learned location of Zion (-7) 3314 | -10/Subcaves | Identified exit to Materials 3385 | -10/Subcaves | Disturbed a concealed Subdweller 4057 | -10/Subcaves | Core integrity fell below 20% 4534 | -10/Subcaves | Shifting Twisted Machinery released Flamer 4538 | -10/Subcaves | Shifting Twisted Machinery released Sub. Beam Cannon 4566 | -10/Subcaves | Destroyed by 11-GG7(R) with Subdweller Shrapnel Launcher Last Messages --------------- 04170_ System corrupted: Energy discharge (-21). 04233_ FKQA4QC54KTD8EYE,AKRN S=S9WAT|=GWALQZ: 04249_ System corrupted: Matter fused (-6). 04279_ System corrupted: Energy discharge (-36). 04315_ System corrupted: Energy discharge (-35). 04333_ AOABR&G&L%0NQYJ3 TUIIX|H<&DFHJYHJ TC%4QR 04357_ LBGV||OTYQ3=LPVJEND 0STPB6W:DC 04372_ System corrupted: Component data lost. 04418_ System corrupted: IFF burst signal emitted. 04442_ Acquired Barrage Gun. 04459_ 6L6IDDXC>ZAUIK4I87TPXHKNGJSFWUCTV